 Dungeon Crawl Stone Soup version 0.22.1-2-g9c5b331 (webtiles) character file.

142 tognito the Chopper (level 5, 0/67 HPs)
             Began as a Minotaur Berserker on Dec 31, 2018.
             Was a Priest of Trog.
             Slain by a goblin
             ... wielding a +0 club
              (2 damage)
             ... on level 3 of the Dungeon.
             The game lasted 00:04:45 (2022 turns).

tognito the Chopper (Minotaur Berserker)            Turns: 2022, Time: 00:04:45

Health: 0/67       AC:  2    Str: 27    XL:     5   Next: 4%
Magic:  4/4        EV: 12    Int:  4    God:    Trog [***...]
Gold:   30         SH:  0    Dex: 10    Spells: 4/4 levels left

rFire    x . .     SeeInvis .   a - +0 war axe
rCold    + . .     Gourm    .   (no shield)
rNeg     . . .     Faith    .   b - +0 animal skin
rPois    .         Spirit   .   (helmet restricted)
rElec    .         Reflect  .   (no cloak)
rCorr    .         Harm     .   (no gloves)
MR       .....                  (no boots)
Stlth    ..........             (no amulet)
HPRegen  0.21/turn              g - ring of ice
MPRegen  0.09/turn              (no ring)

@: berserking, very quick
A: retaliatory headbutt, horns 2
a: Berserk, Trog's Hand, Renounce Religion


You were on level 3 of the Dungeon.
You worshipped Trog.
Trog was most pleased with you.
You were hungry.

You visited 1 branch of the dungeon, and saw 4 of its levels.

You collected 30 gold pieces.

Inventory:

Hand Weapons
 a - a +0 war axe (weapon)
 o - a +2 antimagic hand axe
Missiles
 j - 26 arrows
Armour
 b - a +0 animal skin (worn)
Jewellery
 g - a ring of ice (left hand)
Scrolls
 e - 2 scrolls of fear {unknown}
 f - a scroll of fog {unknown}
 h - 2 scrolls of identify {unknown}
 i - a scroll of magic mapping {unknown}
 k - 4 scrolls of noise {unknown}
 l - 3 scrolls of enchant weapon {unknown}
 m - 2 scrolls of teleportation {unknown}
 n - a scroll of remove curse {unknown}
Comestibles
 c - 4 rations
 d - 5 chunks of flesh


   Skills:
 - Level 3.6 Fighting
 + Level 7.0 Axes
 - Level 2.4 Armour
 - Level 2.1 Dodging


You had 4 spell levels left.
You didn't know any spells.
Your spell library was empty.

Dungeon Overview and Level Annotations

Branches:
Dungeon (4/15)
 Temple: D:4-7

Altars:
Hepliaklqana


Innate Abilities, Weirdness & Mutations

You reflexively headbutt those who attack you in melee.
You have a pair of horns on your head.


Message History

You are feeling hungry.
The goblin hits you with a club.
* * * LOW HITPOINT WARNING * * *
The gnoll hits you from afar with a spear.
* * * LOW HITPOINT WARNING * * *
You feel a strong urge to attack something.
The goblin hits you but does no damage.
Things that are here:
a club x2
You slash the gnoll!
You kill the gnoll!
Trog accepts your kill.
Your Axes skill increases to level 7!
You have reached level 5!
You barely miss the goblin. You barely miss the goblin.
Your headbutt misses the goblin.
The goblin is heavily wounded.
You closely miss the goblin. The goblin closely misses you.
The goblin hits you with a club.
You die...

≈≈≈≈≈≈≈≈≈≈≈≈≈≈≈≈≈≈
#################### #
#..............#.).. #.
#..........)..('()..
#'##..............#####
#......########........
#....g.# #..).....
#....gg########........
#.g@).)........#####
#..............'))).
#..............#.)..
####################


You could see a hobgoblin and 3 goblins.

Vanquished Creatures
  4 gnolls
  An adder (D:2)
  An adder skeleton (D:4)
  3 dart slugs
  3 leopard geckos
  An orc (D:3)
  A ball python (D:1)
  4 giant cockroaches
  18 goblins
  17 hobgoblins
  2 jackals (D:3)
  4 bats
  10 kobolds
  5 rats
74 creatures vanquished.

Notes
Turn   | Place    | Note
-------+----------+-------------------------------------------
     0 | D:1      | tognito the Minotaur Berserker began the quest for the Orb.
     0 | D:1      | Reached XP level 1. HP: 19/19 MP: 0/0
    46 | D:1      | Reached skill level 4 in Axes
   172 | D:1      | Reached XP level 2. HP: 26/26 MP: 1/1
   342 | D:1      | Reached skill level 5 in Axes
   342 | D:1      | Reached XP level 3. HP: 8/31 MP: 2/2
  1110 | D:2      | Reached ** piety under Trog
  1187 | D:2      | Found a hazy altar of Hepliaklqana.
  1541 | D:3      | You fall through a shaft!
  1578 | D:3      | Reached skill level 6 in Axes
  1578 | D:3      | Reached XP level 4. HP: 39/39 MP: 1/3
  2014 | D:3      | Reached *** piety under Trog
  2019 | D:3      | HP: 2/58 [gnoll/spear (4)]
  2021 | D:3      | Reached skill level 7 in Axes
  2021 | D:3      | Reached XP level 5. HP: 2/45 MP: 4/4
  2022 | D:3      | Slain by a goblin

Skill      XL: |  1  2  3  4 |
---------------+-------------+-----
Axes           | 4 5 6 7 |  7.0
Fighting       | |  3.6
Armour         | |  2.4
Dodging        | |  2.1

Action                   |  1- 3 |  4- 6 || total
-------------------------+-------+-------++-------
Melee: Hand axe          |    76 |    34 ||   110
       Headbutt          |    17 |     5 ||    22
       War axe           |       |    22 ||    22
Invok: Berserk           |       |     1 ||     1
  Use: Potion            |     1 |       ||     1
  Eat: Chunk             |     2 |     2 ||     4
Armor: Animal skin       |    12 |     2 ||    14
Dodge: Dodged            |    49 |    41 ||    90
